[Event "Titled Tuesday Blitz April 11 Early 2023"]
[White "babbilator"]
[Black "Rios Escobar, Adan"]
[BlackFideId "3403645"]
[WhiteElo "2267"]
[BlackElo "2463"]
[Result "0-1"]
[Round "04"]
[TimeControl "180+2"]
[Date "2023.04.11"]
[WhiteClock "0:00:06"]
[BlackClock "0:00:01"]

1. e4 c5 2. Nc3 d6 3. Nf3 Nf6 4. d4 cxd4 5. Nxd4 a6 6. f4 e5 7. Nf3 Qc7 8. Bd3 Be7 9. a4 O-O 10. O-O Nc6 11. Kh1 Bg4 12. Qe1 Nb4 13. Qg3 Be6 14. f5 Bc4 15. Bh6 Ne8 16. Bxc4 Qxc4 17. Nd2 Qc7 18. f6 Bxf6 19. Rxf6 Kh8 20. Bxg7+ Nxg7 21. Raf1 Rad8 22. Rh6 f5 23. Qh3 Kg8 24. Rxh7 d5 25. exf5 Qe7 26. Qg4 Qf6 0-1


[Site "https://www.chess.com"]

[Event "Titled Tuesday Blitz April 11 Early 2023"]
[White "Jimenez Jimenez, Leandro"]
[Black "Lauridsen, Jesper Morch"]
[WhiteFideId "6415253"]
[BlackFideId "1401890"]
[WhiteElo "2263"]
[BlackElo "2257"]
[Result "0-1"]
[Round "04"]
[TimeControl "180+2"]
[Date "2023.04.11"]
[WhiteClock "0:00:17"]
[BlackClock "0:01:26"]

1. d4 d5 2. c4 e6 3. g3 c5 4. cxd5 exd5 5. Nf3 Nf6 6. Bg2 Nc6 7. O-O Be7 8. Nc3 O-O 9. Bg5 cxd4 10. Nxd4 h6 11. Bf4 Bg4 12. h3 Bh5 13. Nf5 Re8 14. Nxd5 Nxd5 15. Bxd5 Bf6 16. g4 Bg6 17. Nd6 Re7 18. Qb3 Nd4 19. Qc4 Nxe2+ 20. Kh1 Nxf4 21. Qxf4 Be5 22. Nxf7 Qxd5+ 0-1


[Site "https://www.chess.com"]

[Event "Titled Tuesday Blitz April 11 Early 2023"]
[White "Chandreyee, Hajra"]
[Black "De Souza, Cristiano Gomes"]
[WhiteFideId "5056535"]
[BlackFideId "2151758"]
[WhiteElo "1725"]
[BlackElo "2068"]
[Result "0-1"]
[Round "04"]
[TimeControl "180+2"]
[Date "2023.04.11"]
[WhiteClock "0:00:18"]
[BlackClock "0:00:57"]

1. e4 c5 2. Nf3 d6 3. d4 cxd4 4. Nxd4 Nf6 5. Nc3 g6 6. Be3 Bg7 7. f3 O-O 8. Qd2 Nc6 9. O-O-O d5 10. Kb1 Nxd4 11. Bxd4 dxe4 12. Nxe4 Nxe4 13. fxe4 Bg4 14. Be2 Bxe2 15. Qxe2 Bxd4 16. c3 e5 17. cxd4 exd4 18. Qd3 Qg5 19. Qxd4 Qxg2 20. Rhg1 Qxh2 21. Rh1 Qe2 22. Rxh7 Qxd1+ 23. Qxd1 Kxh7 24. Qd7 Rab8 25. a4 Kg7 26. Qd4+ Kg8 27. Qxa7 Ra8 28. Qd4 Rfd8 29. Qb4 Rd7 30. b3 Re8 31. Kb2 Re6 32. a5 Rde7 33. Qc5 Rxe4 34. Qc8+ Kg7 35. Qd8 R7e5 36. Qb6 Re7 37. Qd6 f5 38. Ka3 f4 39. Qc5 Kf6 40. Qc3+ Kf5 41. Qc5+ R4e5 42. Qc2+ Kg4 43. Qg2+ Kf5 44. Qc2+ Re4 45. Qc5+ Kf6 46. Qb6+ R4e6 47. Qd4+ Kf5 48. Qd3+ Kg5 49. Qd5+ Re5 50. Qg2+ Kf5 51. Ka4 g5 52. b4 g4 53. Qc2+ Re4 54. Qc5+ R4e5 55. Qc2+ Kg5 56. Qd2 g3 57. b5 Kg4 58. a6 bxa6 59. bxa6 f3 60. Qh6 f2 61. Qg6+ Kf3 62. Qd3+ Kg2 0-1


[Site "https://www.chess.com"]

[Event "Titled Tuesday Blitz April 11 Early 2023"]
[White "Yosha_Iglesias"]
[Black "mjelcic"]
[WhiteElo "2454"]
[BlackElo "2246"]
[Result "1-0"]
[Round "04"]
[TimeControl "180+2"]
[Date "2023.04.11"]
[WhiteClock "0:00:49"]
[BlackClock "0:00:14"]

1. d4 d5 2. Nf3 c6 3. e3 Nf6 4. c4 e6 5. Nbd2 Nbd7 6. Bd3 Bd6 7. O-O b6 8. Re1 O-O 9. e4 dxe4 10. Nxe4 Nxe4 11. Rxe4 Nf6 12. Rh4 g6 13. Bg5 Be7 14. Qd2 Bb7 15. Rh3 Re8 16. Bxf6 Bxf6 17. Qh6 c5 18. Qxh7+ Kf8 19. Ne5 Qe7 20. Bxg6 Bg7 21. Bxf7 cxd4 22. Qg8# 1-0


[Site "https://www.chess.com"]

[Event "Titled Tuesday Blitz April 11 Early 2023"]
[White "Baches Garcia, Guillermo"]
[Black "Schuh, Karsten"]
[WhiteFideId "2209764"]
[BlackFideId "4637950"]
[WhiteElo "2453"]
[BlackElo "2138"]
[Result "1-0"]
[Round "04"]
[TimeControl "180+2"]
[Date "2023.04.11"]
[WhiteClock "0:00:07"]
[BlackClock "0:00:05"]

1. e4 c5 2. Nf3 Nc6 3. d4 cxd4 4. Nxd4 Qc7 5. Nc3 e6 6. Be3 a6 7. g4 d6 8. Nxc6 bxc6 9. Qf3 Bb7 10. O-O-O Nf6 11. g5 Nd7 12. h4 c5 13. h5 Ne5 14. Qg3 O-O-O 15. f4 Nc6 16. Bg2 Be7 17. g6 hxg6 18. hxg6 Rxh1 19. Rxh1 fxg6 20. Bh3 Nd4 21. Bxd4 cxd4 22. Bxe6+ Kb8 23. Nd5 Bxd5 24. Bxd5 Bf6 25. Rh3 Ka7 26. Qf2 Rb8 27. Kb1 Qc5 28. Rd3 Rb6 29. Qd2 Qb5 30. Qc1 Qc5 31. a3 Rb8 32. Ka2 Rb5 33. Qd2 Qb6 34. b3 Qc5 35. Bc4 Rb8 36. Rg3 Rc8 37. Qd3 Rc6 38. Rxg6 Rb6 39. Rg2 Rb7 40. Re2 Rb6 41. Rh2 Rb7 42. Rf2 Rb6 43. Rd2 Rb8 44. b4 Qc6 45. Bb3 Rc8 46. Re2 Qc7 47. e5 dxe5 48. fxe5 Bxe5 49. Qe4 Bf6 50. Qd3 Qc6 51. Qf5 Rc7 52. Re6 Qc3 53. Qd3 Rc6 54. Rxc6 Qxc6 55. Qe2 Qd6 56. Bc4 d3 57. Qxd3 Qe5 58. Kb3 Qb2+ 59. Ka4 Qe5 60. Qd7+ Kb8 61. Qc6 Qc7 62. Qxa6 Qd7+ 63. Qb5+ Qxb5+ 64. Kxb5 Kb7 65. Be2 g5 66. c4 Kc7 67. Bf3 Bb2 68. a4 Bd4 69. a5 Be3 70. c5 Kb8 71. a6 Ka7 72. Bb7 Bf4 73. Kc6 g4 74. b5 1-0


[Site "https://www.chess.com"]

[Event "Titled Tuesday Blitz April 11 Early 2023"]
[White "Savitha Shri B"]
[Black "Kiseleva, Arina"]
[WhiteFideId "35061887"]
[BlackFideId "4164989"]
[WhiteElo "2191"]
[BlackElo "1708"]
[Result "0-1"]
[Round "04"]
[TimeControl "180+2"]
[Date "2023.04.11"]
[WhiteClock "0:00:16"]
[BlackClock "0:00:27"]

1. d4 Nf6 2. c4 e6 3. Nc3 Bb4 4. Qc2 O-O 5. e4 d6 6. Nf3 Nbd7 7. Bd3 e5 8. d5 a5 9. O-O Bxc3 10. bxc3 Nc5 11. Ba3 Nfd7 12. Nd2 Nxd3 13. Qxd3 b6 14. f4 exf4 15. Rxf4 Ne5 16. Qe2 Ba6 17. Raf1 f6 18. h4 Qe8 19. h5 Qa4 20. Bc1 Nxc4 21. Qg4 Ne5 22. Qe6+ Kh8 23. h6 Bxf1 24. hxg7+ Kxg7 25. Nf3 Be2 26. Nxe5 dxe5 27. Rh4 Qd1+ 28. Kh2 h5 29. Ba3 Rf7 30. Be7 Bg4 31. Bxf6+ Rxf6 0-1


[Site "https://www.chess.com"]

[Event "Titled Tuesday Blitz April 11 Early 2023"]
[White "Ruge, Edison"]
[Black "Zacurdajev, Dmitry"]
[WhiteFideId "4401000"]
[BlackFideId "4196309"]
[WhiteElo "2175"]
[BlackElo "2189"]
[Result "1-0"]
[Round "04"]
[TimeControl "180+2"]
[Date "2023.04.11"]
[WhiteClock "0:01:56"]
[BlackClock "0:01:32"]

1. e4 c6 2. d3 d5 3. Nd2 e6 4. Ngf3 Nf6 5. g3 Be7 6. Bg2 O-O 7. O-O c5 8. Re1 Nc6 9. c3 b5 10. e5 Nd7 11. Qe2 a5 12. Nf1 b4 13. h4 bxc3 14. bxc3 Ba6 15. Bf4 Rb8 16. Ne3 Qb6 17. Rab1 Qxb1 18. Rxb1 Rxb1+ 19. Kh2 Rfb8 20. Nxd5 exd5 21. e6 R8b2 22. Qe3 Nf8 23. exf7+ Kxf7 24. Ng5+ Bxg5 25. Bxd5+ Kg6 26. Qe8+ Kf6 27. Qxc6+ Ke7 28. Bxg5# 1-0


[Site "https://www.chess.com"]

[Event "Titled Tuesday Blitz April 11 Early 2023"]
[White "Dylag, Emilia"]
[Black "Leebit02"]
[WhiteFideId "21805172"]
[WhiteElo "1878"]
[BlackElo "2442"]
[Result "1-0"]
[Round "04"]
[TimeControl "180+2"]
[Date "2023.04.11"]
[WhiteClock "0:02:25"]
[BlackClock "0:01:54"]

1. d4 Nf6 2. c4 g6 3. Nc3 d5 4. cxd5 Nxd5 5. e4 Nxc3 6. bxc3 Bg7 7. Bc4 c5 8. Ne2 O-O 9. O-O b6 10. Bd5 e6 11. Bxa8 Ba6 12. e5 cxd4 13. cxd4 Bxe2 14. Qxe2 Qxd4 15. Bb2 Qb4 16. a4 Na6 17. Ba3 1-0


[Site "https://www.chess.com"]

[Event "Titled Tuesday Blitz April 11 Early 2023"]
[White "mohsengabr2002"]
[Black "Sailer, Mike"]
[BlackFideId "2012901"]
[WhiteElo "2442"]
[BlackElo "2109"]
[Result "0-1"]
[Round "04"]
[TimeControl "180+2"]
[Date "2023.04.11"]
[WhiteClock "0:00:01"]
[BlackClock "0:00:03"]

1. e4 d5 2. exd5 Qxd5 3. Nc3 Qd6 4. Nf3 Nf6 5. d4 c6 6. Bg5 Bg4 7. Be2 e6 8. Qd2 Be7 9. O-O-O Nbd7 10. Bf4 Qb4 11. a3 Qa5 12. Kb1 Nb6 13. h3 Bxf3 14. Bxf3 Nc4 15. Qd3 Nd6 16. g4 h6 17. Bd2 Qd8 18. h4 Nd5 19. Nxd5 cxd5 20. g5 hxg5 21. hxg5 Rxh1 22. Rxh1 Kd7 23. g6 f6 24. Rh7 Bf8 25. Qb3 Qb6 26. Qxb6 axb6 27. b3 Rxa3 28. Rh8 Ra8 29. Bb4 Re8 30. Be2 Rc8 31. Kb2 Be7 32. Rh7 Rg8 33. f3 f5 34. Bd2 Bf6 35. c3 Nc8 36. Bb5+ Kd8 37. Bf4 Ne7 38. Ka3 Nxg6 39. Be3 Ne7 40. f4 g5 41. fxg5 Bxg5 42. Bf2 Bf6 43. Rh6 Bg5 44. Rxe6 Bd2 45. c4 dxc4 46. Bh4 Bg5 47. Bxg5 Rxg5 48. bxc4 Rg6 49. Re5 Rf6 50. Ba4 f4 51. Re1 f3 52. Rf1 f2 53. Bc2 Ng8 54. Kb3 Nh6 55. Bd3 Ng4 56. Kc3 Ne3 57. Rb1 f1=Q 58. Bxf1 Rxf1 59. Rxb6 Rf3 60. Kb4 Nc2+ 61. Kc5 Rf5+ 62. d5 Kc7 63. Rh6 Rf7 0-1


[Site "https://www.chess.com"]

[Event "Titled Tuesday Blitz April 11 Early 2023"]
[White "Liu, Casper"]
[Black "lolliNOPE"]
[WhiteFideId "1454153"]
[WhiteElo "2221"]
[BlackElo "2148"]
[Result "0-1"]
[Round "04"]
[TimeControl "180+2"]
[Date "2023.04.11"]
[WhiteClock "0:00:02"]
[BlackClock "0:00:58"]

1. e4 c6 2. d4 d5 3. Nd2 dxe4 4. Nxe4 Nf6 5. Nxf6+ exf6 6. c3 Bd6 7. Bd3 O-O 8. Qc2 h6 9. Be3 Re8 10. O-O-O Nd7 11. g4 Nf8 12. Ne2 Be6 13. h4 Qa5 14. g5 Qxa2 15. c4 b5 16. gxf6 bxc4 17. Rdg1 cxd3 18. Rxg7+ Kh8 19. Rhg1 Qa1+ 20. Qb1 Qxb1+ 21. Kxb1 Nh7 22. Bxh6 dxe2 0-1


[Site "https://www.chess.com"]

[Event "Titled Tuesday Blitz April 11 Early 2023"]
[White "Vanek, Tomas"]
[Black "Kopczynski, Michal"]
[WhiteFideId "313459"]
[BlackFideId "1124200"]
[WhiteElo "2052"]
[BlackElo "2212"]
[Result "1/2-1/2"]
[Round "04"]
[TimeControl "180+2"]
[Date "2023.04.11"]
[WhiteClock "0:00:02"]
[BlackClock "0:00:05"]

1. a3 e5 2. e4 Nf6 3. Nc3 Bc5 4. b4 Bb6 5. Bc4 a5 6. bxa5 Bxa5 7. Qe2 O-O 8. Nf3 c6 9. Nxe5 d5 10. exd5 cxd5 11. Bb5 Nc6 12. O-O Nd4 13. Qd3 Bxc3 14. dxc3 Nxb5 15. Qxb5 Qc7 16. Nd3 Qxc3 17. Bb2 Qc4 18. Qxc4 dxc4 19. Ne5 Be6 20. f4 Rfd8 21. a4 Rd2 22. Rf2 Rad8 23. Bc1 Rd1+ 24. Rf1 Ne4 25. Nf3 f6 26. Be3 R1d7 27. a5 Ra8 28. Nd4 Bf7 29. f5 Nc3 30. Kf2 Nd5 31. Ne6 Re8 32. Rfe1 Bxe6 33. fxe6 Rxe6 34. Bc5 Kf7 35. Rxe6 Kxe6 36. Re1+ Kf5 37. h3 h5 38. Kf3 g5 39. g4+ hxg4+ 40. hxg4+ Kg6 41. Re6 Nf4 42. Rb6 Kf7 43. c3 Nd5 44. Rd6 Rxd6 45. Bxd6 Nxc3 46. Ke3 Ke6 47. Bh2 Nd5+ 48. Kd4 Nb4 49. Kxc4 Nc6 50. Kb5 Kd5 51. Bc7 Ke4 52. Kb6 Kf3 53. Kxb7 Nxa5+ 54. Bxa5 Kxg4 55. Kc6 f5 56. Kd5 f4 57. Ke4 Kg3 58. Bc7 Kf2 59. Bxf4 gxf4 60. Kxf4 1/2-1/2


[Site "https://www.chess.com"]

[Event "Titled Tuesday Blitz April 11 Early 2023"]
[White "Gonzalez, Francisco Silva"]
[Black "MANOJ_MISHRA123"]
[WhiteFideId "1512285"]
[WhiteElo "2074"]
[BlackElo "2106"]
[Result "1-0"]
[Round "04"]
[TimeControl "180+2"]
[Date "2023.04.11"]
[WhiteClock "0:01:55"]
[BlackClock "0:00:13"]

1. d4 Nf6 2. c4 e6 3. Nc3 Bb4 4. a3 Bxc3+ 5. bxc3 b6 6. e3 Bb7 7. f3 d6 8. Bd3 Nbd7 9. e4 e5 10. Ne2 O-O 11. Ng3 Nb8 12. Bg5 h6 13. Be3 Nc6 14. Qd2 Na5 15. Rb1 Ba6 16. Qe2 Qd7 17. Nf5 Qa4 18. O-O Bxc4 19. f4 Bxd3 20. Qxd3 Qc4 21. Qc2 Ng4 22. Bd2 exd4 23. Rb4 d3 24. Qd1 Qc5+ 25. Rd4 Nf6 26. Kh1 Nc6 27. Qf3 Nxd4 28. cxd4 Qxa3 29. e5 dxe5 30. fxe5 Nh7 31. Bxh6 gxh6 32. Qg4+ Ng5 33. Nxh6+ Kh7 34. Qxg5 f5 35. exf6 Rg8 36. Nxg8 d2 37. Qg7# 1-0


[Site "https://www.chess.com"]

[Event "Titled Tuesday Blitz April 11 Early 2023"]
[White "Semenova, Alina"]
[Black "Zhukova, Natalia"]
[WhiteFideId "24113875"]
[BlackFideId "14101513"]
[WhiteElo "1833"]
[BlackElo "2297"]
[Result "1-0"]
[Round "04"]
[TimeControl "180+2"]
[Date "2023.04.11"]
[WhiteClock "0:00:20"]
[BlackClock "0:00:03"]

1. e4 e6 2. d4 d5 3. Nc3 Bb4 4. e5 c5 5. a3 Bxc3+ 6. bxc3 Ne7 7. Bd3 Bd7 8. Qg4 Ng6 9. h4 c4 10. h5 cxd3 11. hxg6 fxg6 12. Rxh7 Rxh7 13. Qxg6+ Kf8 14. Qxh7 Nc6 15. cxd3 Qe8 16. Nf3 Ne7 17. a4 Qg6 18. Qxg6 Nxg6 19. Ba3+ Kg8 20. Bc1 Rc8 21. Bd2 a5 22. Ke2 b6 23. Rb1 Rb8 24. Ra1 Kf7 25. Ng5+ Ke8 26. Nh3 Ne7 27. Nf4 Nc8 28. c4 dxc4 29. dxc4 Ne7 30. Rb1 1-0


[Site "https://www.chess.com"]

[Event "Titled Tuesday Blitz April 11 Early 2023"]
[White "Bacrot, Etienne"]
[Black "Gheorghiu, Calin"]
[WhiteFideId "605506"]
[BlackFideId "1200305"]
[WhiteElo "2663"]
[BlackElo "2223"]
[Result "1/2-1/2"]
[Round "04"]
[TimeControl "180+2"]
[Date "2023.04.11"]
[WhiteClock "0:00:05"]
[BlackClock "0:00:03"]

1. e4 e6 2. d4 d5 3. Nd2 c5 4. exd5 Qxd5 5. Ngf3 cxd4 6. Bc4 Qd6 7. O-O Nf6 8. Nb3 Nc6 9. Nbxd4 Nxd4 10. Qxd4 Bd7 11. Rd1 Qxd4 12. Nxd4 a6 13. Bf4 Be7 14. Nf3 Bc6 15. Ne5 Bd5 16. Bf1 b5 17. a4 b4 18. Nc4 Rd8 19. Bc7 Rc8 20. Nd6+ Bxd6 21. Bxd6 Rxc2 22. Bxa6 Rxb2 23. Bb5+ Kd8 24. a5 Ne4 25. Be5 Rxf2 26. a6 b3 27. a7 Ke7 28. Rxd5 exd5 29. Bb8 b2 30. Rb1 Rc8 31. h3 Rc1+ 32. Kh2 Rxb1 33. a8=Q Rh1+ 34. Kxh1 b1=Q+ 35. Kh2 Rxg2+ 36. Kxg2 Qc2+ 37. Kh1 Qd1+ 38. Kg2 Qd2+ 39. Kh1 Qe1+ 40. Kg2 Qd2+ 41. Kh1 Qe1+ 42. Kg2 Qf2+ 43. Kh1 Qf3+ 44. Kg1 Qf2+ 45. Kh1 Qf3+ 46. Kh2 Qf2+ 47. Kh1 1/2-1/2


[Site "https://www.chess.com"]

[Event "Titled Tuesday Blitz April 11 Early 2023"]
[White "Vaibhav, Suri"]
[Black "Jarocka, Liwia"]
[WhiteFideId "5045185"]
[BlackFideId "21807558"]
[WhiteElo "2510"]
[BlackElo "2013"]
[Result "1-0"]
[Round "04"]
[TimeControl "180+2"]
[Date "2023.04.11"]
[WhiteClock "0:00:11"]
[BlackClock "0:00:16"]

1. e4 e6 2. d4 d5 3. Nd2 c5 4. Ngf3 Nc6 5. Bb5 cxd4 6. Nxd4 Bd7 7. Nxc6 bxc6 8. Bd3 Bd6 9. O-O Qc7 10. h3 Nf6 11. c4 O-O 12. Qe2 e5 13. exd5 cxd5 14. cxd5 Nxd5 15. Bxh7+ Kxh7 16. Qe4+ Kg8 17. Qxd5 Bc6 18. Qc4 Qb7 19. Qg4 Rad8 20. Nc4 Bb8 21. Be3 Rfe8 22. Rad1 Bd5 23. b3 Re6 24. f3 Rg6 25. Qh4 Re8 26. Kh1 Bc7 27. Rd2 f5 28. Qf2 Re7 29. Rfd1 Bc6 30. Bxa7 f4 31. Bc5 Rf7 32. Nd6 Bxd6 33. Rxd6 Rxd6 34. Rxd6 e4 35. Rd8+ Kh7 36. Qh4+ Kg6 37. Rd6+ Rf6 38. Rxf6+ gxf6 39. Bd4 Qe7 40. fxe4 Qd6 41. Qf2 Bxe4 42. a4 Qd5 43. Kg1 Qxb3 44. Qxf4 f5 45. Kh2 Qxa4 46. Qd6+ Kh5 47. Be3 Qe8 48. Qh6# 1-0


[Site "https://www.chess.com"]

[Event "Titled Tuesday Blitz April 11 Early 2023"]
[White "Garrido, Denis"]
[Black "Idani, Pouya"]
[WhiteFideId "601217"]
[BlackFideId "12510130"]
[WhiteElo "2328"]
[BlackElo "2574"]
[Result "0-1"]
[Round "04"]
[TimeControl "180+2"]
[Date "2023.04.11"]
[WhiteClock "0:00:01"]
[BlackClock "0:00:18"]

1. e4 c5 2. Nf3 d6 3. d4 cxd4 4. Nxd4 Nf6 5. Nc3 Nc6 6. Bg5 e6 7. Qd3 Bd7 8. Ndb5 Nb4 9. Qd1 a6 10. a3 Nxc2+ 11. Qxc2 axb5 12. Bxf6 Qxf6 13. Bxb5 Be7 14. Bxd7+ Kxd7 15. O-O Rhc8 16. Qb3 Rc7 17. Qb5+ Kc8 18. Rac1 Qg5 19. Qe8+ Bd8 20. Rfd1 Ra6 21. h4 Qe7 22. Qb5 Qxh4 23. Rd4 Rc5 24. Qb3 Rac6 25. Rdd1 Rh5 26. Kf1 Qh1+ 27. Ke2 Qxg2 28. Nb5 Qxe4+ 29. Kf1 Rh1# 0-1


[Site "https://www.chess.com"]

[Event "Titled Tuesday Blitz April 11 Early 2023"]
[White "Andrews, Todd"]
[Black "Kaidanov, Gregory"]
[WhiteFideId "2012456"]
[BlackFideId "2008564"]
[WhiteElo "2325"]
[BlackElo "2547"]
[Result "0-1"]
[Round "04"]
[TimeControl "180+2"]
[Date "2023.04.11"]
[WhiteClock "0:00:01"]
[BlackClock "0:01:10"]

1. e4 e5 2. Nf3 Nc6 3. d4 exd4 4. Nxd4 Nf6 5. Nxc6 bxc6 6. e5 Qe7 7. Qe2 Nd5 8. c4 Nb6 9. h4 Qe6 10. Nd2 a5 11. Rh3 Ba6 12. a3 a4 13. h5 Be7 14. h6 g6 15. f4 O-O 16. Rc3 f6 17. exf6 Qxf6 18. Ne4 Qf7 19. Be3 d5 20. Nd2 Bh4+ 21. Kd1 Rae8 22. Qg4 Bf6 23. Bc5 Bxc3 24. bxc3 Qxf4 25. Qh3 Bc8 26. Qd3 Bg4+ 27. Kc1 Bf5 28. Qd4 Qxd4 29. cxd4 Re1+ 30. Kb2 Rxa1 31. Kxa1 Re8 32. cxd5 Re1+ 33. Kb2 Rd1 34. Kc3 Nxd5+ 35. Kc4 Rxd2 0-1


[Site "https://www.chess.com"]

[Event "Titled Tuesday Blitz April 11 Early 2023"]
[White "Kornyukov, Alexey"]
[Black "Lehtosaari, Mauri"]
[WhiteFideId "4150457"]
[BlackFideId "501999"]
[WhiteElo "2352"]
[BlackElo "2520"]
[Result "0-1"]
[Round "04"]
[TimeControl "180+2"]
[Date "2023.04.11"]
[WhiteClock "0:00:02"]
[BlackClock "0:00:08"]

1. e4 d5 2. exd5 Qxd5 3. Nc3 Qd8 4. Nf3 Nf6 5. d4 Bg4 6. Be2 e6 7. O-O c6 8. Be3 Bd6 9. h3 Bxf3 10. Bxf3 Nbd7 11. a3 a5 12. Ne4 Nxe4 13. Bxe4 Nf6 14. Bd3 h6 15. c4 Qc7 16. c5 Bf4 17. b4 Nd5 18. Bxf4 Qxf4 19. b5 Qxd4 20. bxc6 bxc6 21. Rc1 Qf4 22. Rc4 Qf6 23. Qa4 Ne7 24. Be4 O-O 25. Bxc6 Nxc6 26. Qxc6 Rfc8 27. Qa4 Rc7 28. c6 Qe5 29. Rb1 Rac8 30. Rb7 Qe1+ 31. Kh2 Qxf2 32. Rxc7 Rxc7 33. Qb5 Qa7 34. a4 Rc8 35. Qb7 Qa8 36. Rc5 Kh7 37. Qxa8 Rxa8 38. c7 Rc8 39. Kg3 f6 40. Rc6 Kg6 41. Kf4 Kf7 42. Rc5 Ke7 43. Ke4 Kd6 44. Rxa5 Rxc7 45. Ra6+ Kd7 46. Ra5 Rc4+ 47. Kf3 g5 48. Ra7+ Kd6 49. Ra6+ Kd5 50. Ra5+ Kd4 51. Ra8 Rc3+ 52. Kf2 Ra3 53. a5 Ke4 54. a6 f5 55. a7 e5 56. Rh8 Ra2+ 57. Kg1 Rxa7 58. Rxh6 Kf4 59. Re6 e4 60. Kf2 Ra2+ 61. Kg1 Kg3 62. Kf1 Ra1+ 63. Ke2 Kxg2 64. Rg6 Ra2+ 65. Ke3 Ra3+ 66. Ke2 Rg3 67. Rf6 f4 68. Re6 e3 69. Rf6 Kxh3 70. Rh6+ Kg4 71. Kf1 Rf3+ 72. Ke2 Rf2+ 73. Ke1 Ra2 74. Kf1 Kf3 75. Rh3+ Ke4 76. Rh5 g4 77. Rh4 Kf3 78. Rh5 Ra1# 0-1


[Site "https://www.chess.com"]

[Event "Titled Tuesday Blitz April 11 Early 2023"]
[White "a-z30"]
[Black "Yurasova, Daria"]
[BlackFideId "34146919"]
[WhiteElo "2305"]
[BlackElo "2134"]
[Result "1-0"]
[Round "04"]
[TimeControl "180+2"]
[Date "2023.04.11"]
[WhiteClock "0:00:34"]
[BlackClock "0:00:01"]

1. d3 Nf6 2. Nf3 d5 3. g3 c6 4. Bg2 Bf5 5. O-O e6 6. c4 Be7 7. cxd5 cxd5 8. Nc3 O-O 9. Be3 Nc6 10. Nd4 Nxd4 11. Bxd4 Bg6 12. e4 dxe4 13. dxe4 Nd7 14. e5 b6 15. Bxa8 Qxa8 16. Qe2 Bf5 17. Rfd1 h6 18. f3 Nb8 19. Ne4 Nc6 20. Nd6 Nxd4 21. Rxd4 Bg6 22. Rc1 h5 23. h4 a5 24. Kf2 Rd8 25. Qc4 Bf8 26. Qc7 b5 27. Rf4 f6 28. exf6 gxf6 29. Rxf6 Bh7 30. Qf7+ Kh8 31. Rc7 Bg8 32. Qxh5+ 1-0


[Site "https://www.chess.com"]

[Event "Titled Tuesday Blitz April 11 Early 2023"]
[White "Zampronha, Wladimir Camilo"]
[Black "Bas Mas, Jose Joaquin"]
[WhiteFideId "2103087"]
[BlackFideId "22219064"]
[WhiteElo "2176"]
[BlackElo "2233"]
[Result "0-1"]
[Round "04"]
[TimeControl "180+2"]
[Date "2023.04.11"]
[WhiteClock "0:00:13"]
[BlackClock "0:01:46"]

1. e4 e6 2. d4 d5 3. Nc3 Nf6 4. e5 Nfd7 5. f4 c5 6. Nf3 Nc6 7. Be3 Be7 8. Qd2 O-O 9. dxc5 Qa5 10. O-O-O b6 11. Kb1 bxc5 12. Nb5 Qb6 13. Nd6 Rb8 14. c4 d4 15. Bf2 Ba6 16. Bd3 Nb4 17. b3 Bxd6 18. exd6 Qxd6 19. Ng5 h6 20. Ne4 Qc7 21. g4 Bb7 22. g5 Nxd3 23. Qxd3 Qxf4 24. Nf6+ Nxf6 25. Bg3 0-1


[Site "https://www.chess.com"]

[Event "Titled Tuesday Blitz April 11 Early 2023"]
[White "Toktomushev, Teimur"]
[Black "Sohier, Julien"]
[WhiteFideId "14176726"]
[BlackFideId "645346"]
[WhiteElo "2116"]
[BlackElo "2209"]
[Result "1/2-1/2"]
[Round "04"]
[TimeControl "180+2"]
[Date "2023.04.11"]
[WhiteClock "0:00:02"]
[BlackClock "0:00:35"]

1. d4 d5 2. c4 dxc4 3. e3 e5 4. Bxc4 exd4 5. exd4 Nf6 6. Qb3 Qd7 7. Nf3 Nc6 8. O-O Na5 9. Re1+ Kd8 10. Qc2 Nxc4 11. Qxc4 Qd5 12. Qxd5+ Nxd5 13. Ng5 Bb4 14. Nxf7+ Kd7 15. Bd2 Bxd2 16. Nxd2 Re8 17. Nc4 Rxe1+ 18. Rxe1 c6 19. Ng5 h6 20. Ne6 g5 21. a3 b6 22. Nf8+ Kc7 23. Re8 Bb7 24. Rxa8 Bxa8 25. Ne5 Kd6 26. h4 gxh4 27. Nfg6 c5 28. dxc5+ bxc5 29. Nc4+ Ke6 30. Nxh4 Nf4 31. g3 Nd3 32. b3 Nc1 33. b4 cxb4 34. axb4 Nd3 35. b5 Kd5 36. Ne3+ Kc5 37. Nhf5 h5 38. Ng7 Bf3 39. Ne6+ Kb6 40. Nd4 Be4 41. f4 Kc5 42. Nec2 Nb4 43. Nxb4 Kxd4 44. Nc6+ Kc5 45. Nxa7 Kb6 46. Nc8+ Kc7 47. Ne7 Kb6 48. f5 Kc7 49. f6 Kd7 50. b6 Ke6 51. Nc8 Kxf6 52. Nd6 Bd5 53. Kh2 Kg5 54. Kh3 Be6+ 55. Kh2 Bd5 56. Kh3 Be6+ 57. Kh2 Bd5 1/2-1/2


[Site "https://www.chess.com"]

[Event "Titled Tuesday Blitz April 11 Early 2023"]
[White "Slayyy_200"]
[Black "Shukhman, Anna"]
[BlackFideId "54180058"]
[WhiteElo "2122"]
[BlackElo "2125"]
[Result "0-1"]
[Round "04"]
[TimeControl "180+2"]
[Date "2023.04.11"]
[WhiteClock "0:00:09"]
[BlackClock "0:00:28"]

1. e4 c5 2. c3 Nf6 3. e5 Nd5 4. Nf3 d6 5. d4 cxd4 6. cxd4 e6 7. Bc4 Nc6 8. O-O Be7 9. Nc3 Nxc3 10. bxc3 dxe5 11. Qe2 exd4 12. Rd1 O-O 13. Nxd4 Nxd4 14. Rxd4 Qa5 15. Bd2 Bf6 16. Rd3 b5 17. Bb3 Bb7 18. Rg3 Rfd8 19. Rd1 Rac8 20. c4 b4 21. Re1 Qc7 22. Rg4 a5 23. Bf4 Qc5 24. Be3 Qc6 25. f3 a4 26. Bc2 g6 27. Be4 Qc7 28. Bf4 Qb6+ 29. Be3 Bd4 30. Bxb7 Bxe3+ 31. Qxe3 Qxb7 32. Kf2 b3 33. Rh4 Qb4 34. Re2 Qc5 35. axb3 Qxe3+ 36. Rxe3 a3 37. b4 Ra8 38. b5 a2 39. b6 a1=Q 0-1


[Site "https://www.chess.com"]

[Event "Titled Tuesday Blitz April 11 Early 2023"]
[White "Aung Thant Zin"]
[Black "Rottenwohrer Suarez, Juan"]
[WhiteFideId "13000063"]
[BlackFideId "32068182"]
[WhiteElo "2278"]
[BlackElo "2174"]
[Result "1-0"]
[Round "04"]
[TimeControl "180+2"]
[Date "2023.04.11"]
[WhiteClock "0:00:25"]
[BlackClock "0:00:03"]

1. c4 Nf6 2. Nc3 g6 3. g3 Bg7 4. Bg2 O-O 5. e4 c5 6. Nge2 Nc6 7. O-O a6 8. d3 Rb8 9. Be3 d6 10. h3 b5 11. cxb5 axb5 12. f4 Nd7 13. e5 Nd4 14. exd6 Nxe2+ 15. Qxe2 exd6 16. Qf2 Re8 17. Ne4 d5 18. Nxc5 Rxe3 19. Qxe3 d4 20. Qc1 Nb6 21. Qd2 Nd5 22. b4 Ne3 23. Rf2 Bf5 24. Kh2 Qc8 25. g4 Bd7 26. Rc1 Nxg2 27. Rxg2 Bc6 28. Re2 Qd8 29. Qe1 Qd5 30. Qf2 Ra8 31. Ne4 Bh6 32. Nf6+ Kg7 33. Nxd5 Bxd5 34. g5 1-0


[Site "https://www.chess.com"]

[Event "Titled Tuesday Blitz April 11 Early 2023"]
[White "Warchol, Kamil"]
[Black "Gan-Od, Sereenen"]
[WhiteFideId "21858241"]
[BlackFideId "4901304"]
[WhiteElo "2017"]
[BlackElo "2265"]
[Result "0-1"]
[Round "04"]
[TimeControl "180+2"]
[Date "2023.04.11"]
[WhiteClock "0:00:01"]
[BlackClock "0:01:12"]

1. e4 c6 2. c4 d5 3. cxd5 cxd5 4. exd5 Qxd5 5. Nc3 Qd8 6. d4 Nf6 7. Nf3 e6 8. Bd3 Be7 9. O-O O-O 10. a3 b6 11. Bf4 Bb7 12. Bg3 Nc6 13. Rc1 Rc8 14. Bb1 Na5 15. Ne5 g6 16. Qd3 Nc6 17. Rfd1 Nd5 18. Ba2 Nxe5 19. Bxe5 Nxc3 20. Rxc3 Rxc3 21. Qxc3 Qd7 22. d5 exd5 23. Qd4 Rd8 24. Bh8 Bf8 25. Bf6 Re8 26. h3 Qf5 27. Bb1 Qc8 28. Ba2 Qe6 29. Bg5 Bc5 30. Qd2 Qe2 31. Qxe2 Rxe2 32. Bxd5 Rxf2 33. Kh1 Bxd5 34. Rxd5 f6 35. Bd2 Kf7 36. Kh2 Ke6 37. Rd8 Bd6+ 38. Kg1 Rxd2 0-1


[Site "https://www.chess.com"]